 Dungeon Crawl Stone Soup version 0.29.1-12-g30fa7ad0bf (webtiles) character file.

Game seed: 17583566533093029071

354 cheesebisquit the Shooter (level 6, -1/35 HPs)
             Began as a Gargoyle Hunter on Jan 13, 2023.
             Killed from afar by an orc wizard (6 damage)
             ... with a puff of flame
             ... on level 4 of the Dungeon.
             The game lasted 00:22:46 (4193 turns).

cheesebisquit the Shooter (Gargoyle Hunter)         Turns: 4193, Time: 00:22:47

Health: -1/35      AC: 12    Str: 14    XL:     6   Next: 62%
Magic:  6/6        EV: 11    Int: 10    God:
Gold:   197        SH:  0    Dex: 15    Spells: 5/5 levels left

rFire   . . .      SeeInvis .   b - +0 mace
rCold   + . .      Faith    .   (no shield)
rNeg    + . .      Spirit   .   m - +0 ring mail
rPois   ∞          Reflect  +   i - +0 helmet
rElec   +          Harm     .   (no cloak)
rCorr   .          Rampage  .   (no gloves)
Will    .....                   z - +0 pair of boots
Stlth   ..........              q - amulet of reflection
HPRegen 0.11/turn               s - ring of protection from cold
MPRegen 0.10/turn               (no ring)

@: confused
A: sickness immunity, AC +4, negative energy resistance 1, electricity
resistance, torment resistance 1, petrification resistance
a: no special abilities


You were on level 4 of the Dungeon.
You visited 1 branch of the dungeon, and saw 4 of its levels.

You collected 197 gold pieces.

Inventory:

Hand Weapons
 a - a +0 shortbow
 b - a +0 mace (weapon)
Missiles
 g - 57 stones
Armour
 c - a +0 leather armour
 i - a +0 helmet (worn)
 m - a +0 ring mail (worn)
 w - a +0 chain mail
 z - a +0 pair of boots (worn)
Jewellery
 q - an amulet of reflection (around neck)
 s - a ring of protection from cold (left hand)
 C - a ring of magical power
Wands
 y - a wand of roots (6)
Scrolls
 e - 3 scrolls of magic mapping {unknown}
 f - 2 scrolls of immolation
 h - a scroll of noise {unknown}
 l - 3 scrolls of identify {unknown}
 o - 4 scrolls of teleportation {unknown}
 p - a scroll of fear {unknown}
 x - a scroll of blinking {unknown}
 B - a scroll of vulnerability {unknown}
Potions
 d - a potion of might {unknown}
 j - 2 potions of attraction {unknown}
 k - a potion of cancellation {unknown}
 n - a potion of resistance {unknown}
 r - a potion of curing {unknown}
 t - a potion of magic {unknown}
 u - 2 potions of lignification {unknown}
 A - a potion of mutation {unknown}


   Skills:
 - Level 2.1 Fighting
 + Level 6.7 Ranged Weapons
 + Level 3.7 Armour
 - Level 1.5 Dodging
 - Level 1.1 Stealth


You had 5 spell levels left.
You didn't know any spells.
Your spell library contained the following spells:

 Spells                   Type           Power      Damage    Failure   Level
 Static Discharge         Conj/Air       0%         3-3/arc   73%         2
 Lightning Bolt           Conj/Air       0%         1d11      100%        5
 Maxwell's Capacitive Co  Air            0%         ∞         100%        8


Dungeon Overview and Level Annotations

Branches:
Dungeon (4/15)
 Temple: D:4-7

Altars:
Ashenzari
Kikubaaqudgha
Okawaru
Sif Muna
Uskayaw


Innate Abilities, Weirdness & Mutations

You are immune to sickness and miasma.
Your stone body is resilient. (AC +4)
You are immune to poison.
You resist negative energy. (rN+)
You are resistant to electric shocks. (rElec)
You are resistant to unholy torment.
You are immune to petrification.


Message History

You miss something.
You hear some strange, mumbled words.
A puff of flame appears from out of thin air!
The puff of flame misses you.
You miss something. Something hits you but does no damage. Something hits you.
* * * LOW HITPOINT WARNING * * *
You hit something but do no damage. Something hits you but does no damage.
You completely miss something. Something hits you but does no damage.
You hit something.
An orc wizard appears from thin air!
Reactivating autopickup.
The orc wizard hits you with a +0 dagger.
* * * LOW HITPOINT WARNING * * *
The orc wizard hits you but does no damage.
You barely miss the orc wizard.
The orc wizard is almost dead.
The orc wizard hits you with a +0 dagger.
* * * LOW HITPOINT WARNING * * *
You completely miss the orc wizard.
The orc wizard is almost dead.
The orc wizard hits you but does no damage.
The orc wizard casts a spell.
The orc wizard flickers and vanishes!
Deactivating autopickup; reactivate with Ctrl-A.
You closely miss something.
You hear some strange, mumbled words.
You are confused.
You completely miss something.
You hear some strange, mumbled words.
A magic dart appears from out of thin air!
The magic dart hits you but does no damage.
You're too confused to move!
Something hits you.
* * * LOW HITPOINT WARNING * * *
You're too confused to move!
Something hits you but does no damage. Something hits you.
* * * LOW HITPOINT WARNING * * *
You miss something.
You hear some strange, mumbled words.
A puff of flame appears from out of thin air!
The puff of flame hits you.
You die...

############ ....
#..........#
.....
#.########.#
......#######.#
#.#####
............#
#.#....
#'######...#
#.#.###
#.......{..#
#.#.###
#.......@..#
#.#...#
######....).....#
#.###.#
#.....)÷........#
#.#...#
#.#####>).......#
#.#.###
#.........# #†#.#
# #.......###
####.#.# #
#......##
#....#.# #
#......# #.####.#
# #......# #.#
#.###


There were no monsters in sight!

Vanquished Creatures
  A howler monkey (D:4)
  2 hounds (D:4)
  2 iguanas (D:4)
  Jessica (D:2)
  A gnoll (D:1)
  7 adders
  2 ufetubi (D:4)
  A worm (D:2)
  A dart slug (D:4)
  5 orcs
  4 ball pythons
  10 bats
  3 endoplasms
  A giant cockroach (D:1)
  9 goblins
  5 hobgoblins
  13 kobolds
  7 quokkas
  8 frilled lizards
  11 rats
  A spectral hobgoblin (D:1)
95 creatures vanquished.

Notes
Turn   | Place    | Note
-------+----------+-------------------------------------------
     0 | D:1      | cheesebisquit the Gargoyle Hunter began the quest for the
                  | Orb.
     0 | D:1      | Reached XP level 1. HP: 12/12 MP: 1/1
    99 | D:1      | Reached XP level 2. HP: 17/17 MP: 2/2
   190 | D:1      | Reached skill level 5 in Ranged Weapons
   190 | D:1      | Reached XP level 3. HP: 5/21 MP: 3/3
   561 | D:1      | Found a faded altar of an unknown god.
   820 | D:2      | Reached XP level 4. HP: 20/26 MP: 4/4
  1688 | D:2      | Noticed Jessica
  1695 | D:2      | Killed Jessica
  1696 | D:2      | Reached skill level 1 in Armour
  2148 | D:3      | Found a hide-covered altar of Uskayaw.
  2148 | D:3      | Found an ancient bone altar of Kikubaaqudgha.
  2303 | D:3      | Found a shimmering blue altar of Sif Muna.
  2305 | D:3      | Found a broken altar of Ashenzari.
  2354 | D:3      | Reached XP level 5. HP: 30/30 MP: 5/5
  2585 | D:3      | Reached skill level 6 in Ranged Weapons
  2898 | D:4      | Found an iron altar of Okawaru.
  2971 | D:4      | Reached XP level 6. HP: 24/35 MP: 6/6
  4193 | D:4      | Killed from afar by an orc wizard

Illustrated notes

Levels and vault maps discovered:
D:1:      amcnicky_arrival_flooded_fountain, layout_rooms,
          dreamdust_ecumenical_altar_drowned_temple
D:2:      layout_loops_corners, nrook_uturn, minmay_heptomino_l4, uniq_jessica
D:3:      layout_basic, chequers_temple_overflow_statue_of_worship
D:4:      minmay_chambers_of_threes, layout_basic, okawaru_trees_2,
          dreamdust_princess_corridor

Skill      XL: |  1  2  3  4  5 |
---------------+----------------+-----
Ranged Weapons | 5 6 |  6.7
Armour         | 1 3 |  3.7
Fighting       | |  2.1
Dodging        | |  1.5
Stealth        | |  1.1

Action                   |  1- 3 |  4- 6 || total
-------------------------+-------+-------++-------
Melee: Spear             |       |     3 ||     3
       Mace              |       |    46 ||    46
 Fire: Shortbow          |    70 |   208 ||   278
  Use: Potion            |       |     1 ||     1
Armor: Leather armour    |    10 |       ||    10
       Ring mail         |     4 |   114 ||   118
       Chain mail        |       |     9 ||     9
Dodge: Dodged            |    23 |    89 ||   112
Block: Other             |       |    47 ||    47
       Reflection        |       |     5 ||     5
